 Dungeon Crawl Stone Soup version 0.22-a0-571-g4a923d4 (webtiles) character file.

239 iamserjio the Covered (level 6, 23/39 HPs)
             Began as a Gargoyle Fighter on July 1, 2018.
             Quit the game on level 4 of the Dungeon.
             The game lasted 00:02:36 (395 turns).

iamserjio the Covered (Gargoyle Fighter)             Turns: 395, Time: 00:02:37

Health: 23/39      AC: 11    Str: 20    XL:     6   Next: 7%
Magic:  6/6        EV:  7    Int:  8    God:
Gold:   0          SH: 12    Dex: 11    Spells: 5/5 levels left

rFire    . . .     SeeInvis .   a - +0 war axe
rCold    . . .     Gourm    .   c - +0 shield
rNeg     + . .     Faith    .   b - +0 scale mail
rPois    ∞         Spirit   .   (no helmet)
rElec    +         Reflect  +   (no cloak)
rCorr    .         Harm     .   (no gloves)
MR       .....                  (no boots)
Stlth    ..........             e - +3 amulet of reflection
HPRegen  0.13/turn              (no ring)
MPRegen  0.10/turn              (no ring)

@: no status effects
A: negative energy resistance 1, electricity resistance, unbreathing,
petrification resistance, rot immunity, AC +4
a: no special abilities


You were on level 4 of the Dungeon.
You were not hungry.

You visited 2 branches of the dungeon, and saw 5 of its levels.

Inventory:

Hand Weapons
 a - a +0 war axe (weapon)
Armour
 b - a +0 scale mail (worn)
 c - a +0 shield (worn)
Jewellery
 e - a +3 amulet of reflection (around neck)
Scrolls
 d - a scroll of identify {unknown}
Potions
 h - a potion of might
Comestibles
 f - a ration
 g - a chunk of flesh


   Skills:
 + Level 4.3 Fighting
 * Level 3.7 Axes
 + Level 4.3 Armour
 + Level 4.3 Shields


You had 5 spell levels left.
You didn't know any spells.
Your spell library was empty.

Dungeon Overview and Level Annotations

Branches:
Dungeon (4/15)             Temple (1/1) D:4

Altars:
Ashenzari
Dithmenos
Elyvilon
Qazlal
Ru
Sif Muna
Yredelemnul
Lugonu

Annotations:
D:4 Ijyb


Innate Abilities, Weirdness & Mutations

You are resistant to torment.
Your stone body is resilient. (AC +4)
You are immune to poison.
You resist negative energy. (rN+)
You are resistant to electric shocks. (rElec)
You can survive without breathing.
You are immune to petrification.
You are immune to rotting.


Message History

Your shield and scale mail prevent you from hitting the quokka.
The quokka bites you.
You barely miss the quokka. You block the quokka's attack. x2
You hit the quokka but do no damage.
The quokka bites you but does no damage.
Your shield prevents you from hitting the quokka.
The quokka twitches its whiskers.
The quokka completely misses you. You block the quokka's attack.
You closely miss the quokka. You block the quokka's attack. x2
You closely miss the quokka.
The quokka bites you but does no damage.
You barely miss the quokka.
The quokka bites you but does no damage.
You block the quokka's attack.
Your shield and scale mail prevent you from hitting the quokka.
You block the quokka's attack. x2
You slash the quokka!
You kill the quokka!
There is a stone staircase leading down here.
Are you sure you want to abandon this character and quit the game? (Confirm with "yes".)

#########
#.......#
#.......#####
###...........#
#.............#
#.......@.....#
#.......#######
#.......#
#.......#
..###.......#
.......>....####
.
...............#
.
...............#
#
#.......#......#


There were no monsters in sight!

Vanquished Creatures
  Eustachio (D:4)
  3 worker ants (D:4)
  A worm (D:4)
  A dart slug (D:4)
  A leopard gecko (D:4)
  4 orcs
  A giant cockroach (D:1)
  2 goblins (D:1)
  3 hobgoblins
  A quokka (D:4)
  2 bats (D:1)
  3 kobolds
  2 rats (D:1)
25 creatures vanquished.

Notes
Turn   | Place    | Note
-------+----------+-------------------------------------------
     0 | D:1      | iamserjio the Gargoyle Fighter began the quest for the Orb.
     0 | D:1      | Reached XP level 1. HP: 14/14 MP: 1/1
    59 | D:1      | Reached XP level 2. HP: 19/19 MP: 2/2
   212 | D:4      | Reached XP level 3. HP: 18/24 MP: 3/3
   244 | D:4      | Noticed Eustachio
   259 | D:4      | Reached XP level 4. HP: 14/29 MP: 4/4
   276 | D:4      | Killed Eustachio
   276 | D:4      | Reached XP level 5. HP: 7/34 MP: 5/5
   276 | D:4      | Reached XP level 6. HP: 8/39 MP: 6/6
   301 | D:4      | Found a staircase to the Ecumenical Temple.
   312 | Temple   | Entered the Ecumenical Temple
   346 | D:4      | Noticed Ijyb
   395 | D:4      | Quit the game

Vault maps used:
D:1:      erik_arrival_gehennom, st_stairs_12, minmay_lizard_king
D:2:      gammafunk_temple_overflow_wave, minmay_lizard_pond,
          uniq_crazy_yiuf_cottage
D:3:      grunt_temple_overflow_gold_and_silver, overflow_temple_1_default,
          nicolae_overflow_crystal_walls, kennysheep_okawaru_gauntlet,
          first_ration, hangedman_decor_riveting
D:4:      grunt_temple_overflow_growth_and_decay,
          minmay_temple_entry_butterflies, uniq_duvessa, uniq_eustachio,
          uniq_grinder, uniq_ijyb
Temple:   corrupted_temple

Skill      XL: |  1  2  3  4 |
---------------+-------------+-----
Axes           | 2 3 |  3.7
Fighting       | 4 |  4.3
Armour         | 4 |  4.3
Shields        | 4 |  4.3

Action                   |  1- 3 |  4- 6 || total
-------------------------+-------+-------++-------
Melee: War axe           |    57 |    28 ||    85
  Use: Potion            |     1 |       ||     1
Armor: Scale mail        |    19 |    20 ||    39
Dodge: Dodged            |    24 |     3 ||    27
Block: Shield            |    20 |    27 ||    47

Table legend:
 A = Spawn XP
 B = Non-spawn XP
 C = Spawn XP percentage of total XP
 D = Spawn monster count
 E = Non-spawn monster count
 F = Spawn count percentage of total count
 G = Total turns spent on level
                    A         B        C        D         E        F      G
               +---------+---------+-------+---------+---------+-------+---------
         Total |       0 |     342 |   0.0 |       0 |      25 |   0.0 |   395
               +---------+---------+-------+---------+---------+-------+---------
           D:1 |       0 |      16 |   0.0 |       0 |      11 |   0.0 |   167
           D:2 |       0 |       3 |   0.0 |       0 |       2 |   0.0 |    26
           D:3 |       0 |       3 |   0.0 |       0 |       1 |   0.0 |    10
           D:4 |       0 |     320 |   0.0 |       0 |      11 |   0.0 |   161
               +---------+---------+-------+---------+---------+-------+---------
